 Dungeon Crawl Stone Soup version 0.27.1-2-g3b301248ec (webtiles) character file.

Game seed: 5430840526430587097

0 Descartes the Firebug (level 1, -1/9 HPs)
             Began as a Felid Wanderer on Oct 2, 2021.
             Hit by a stone thrown by a kobold (2 damage)
             ... on level 1 of the Dungeon.
             The game lasted 00:00:28 (107 turns).

Descartes the Firebug (Felid Wanderer)               Turns: 107, Time: 00:00:29

Health: -1/9       AC:  1    Str:  7    XL:     1   Next: 8%
Magic:  0/2        EV: 16    Int: 14    God:
Gold:   3          SH:  0    Dex: 15    Spells: 0/0 levels left
                                        Lives:  0   Deaths: 0

rFire    . . .     SeeInvis +     - Unarmed
rCold    . . .     Faith    .   (shield unavailable)
rNeg     . . .     Spirit   .   (armour unavailable)
rPois    .         Reflect  .   (helmet unavailable)
rElec    .         Harm     .   (cloak unavailable)
rCorr    .         Rampage  .   (gloves unavailable)
Will     .....                  (boots unavailable)
Stlth    ++........             (no amulet)
HPRegen  0.03/turn              (no ring)
MPRegen  0.08/turn              (no ring)

@: quick
A: very small, claws 1, fangs 3, see invisible, speed 1, shaggy fur 1, stealthy
paws, no weapons or thrown items, no armour, multi-lived
a: no special abilities


You were on level 1 of the Dungeon.
You visited 1 branch of the dungeon, and saw 1 of its levels.

You collected 3 gold pieces.

Inventory:

Scrolls
 a - a scroll of fear
Potions
 b - a potion of lignification


   Skills:
 - Level 2.0 Fighting
 - Level 1.3 Dodging
 + Level 2.6 Stealth
 - Level 1.0 Unarmed Combat
 + Level 2.7 Fire Magic
 - Level 1.1 Evocations


You couldn't memorise any spells.
You knew the following spells:

 Your Spells              Type           Power      Damage    Failure   Level
a - Foxfire               Conj/Fire      12%        2x1d4     17%         1

Your spell library contained the following spells:

 Spells                   Type           Power      Damage    Failure   Level
 Ignite Poison            Fire/Tmut/Pois 2%         N/A       52%         3


Dungeon Overview and Level Annotations

Branches:
Dungeon (1/15)

Altars:


Innate Abilities, Weirdness & Mutations

You have sharp claws.
You have razor-sharp teeth.
You have supernaturally acute eyesight. (SInv)
You cover ground quickly. (Speed+)
You are covered in fur. (AC +1)
Your paws help you pounce on unaware monsters.
You are incapable of wielding weapons or throwing items.
You cannot wear armour.
You gain extra lives every three experience levels.


Message History

Confirm with . or Enter, or press ? or * to list all spells.
You conjure some foxfire!
The kobold shouts!
The foxfire hits the kobold but does no damage.
The foxfire hits the kobold.
The kobold is moderately wounded.
An endoplasm comes into view.
The kobold throws a stone.
The stone hits you.
The kobold throws a stone.
The stone closely misses you.
Your magical contamination has completely faded away.
You closely miss the kobold.
The kobold is moderately wounded.
The kobold barely misses you.
You barely miss the kobold. The endoplasm hits you.
The kobold closely misses you.
You scratch the kobold.
The kobold is moderately wounded.
The endoplasm freezes you.
You are frozen.
* * * LOW HITPOINT WARNING * * *
The kobold misses you.
You are too injured to fight recklessly!
You are too injured to fight recklessly!
You are too injured to fight recklessly!
You are too injured to fight recklessly!
You are too injured to fight recklessly!
You are too injured to fight recklessly!
Found a coppery potion.
The kobold throws a stone.
The stone misses you.
The kobold throws a stone.
The stone closely misses you.
Casting: Foxfire (safe; 17% risk of failure)
Confirm with . or Enter, or press ? or * to list all spells.
You conjure some foxfire!
The foxfire hits the endoplasm but does no damage.
The foxfire hits the endoplasm.
The endoplasm is moderately wounded.
The kobold throws a stone.
The stone closely misses you.
You see here a coppery potion.
The kobold throws a stone.
The stone hits you.
You die...

##.#.#.##....#.## .
#.#.##..###⌠#.# #
..#.##.##...###.#.#
..##.##.####...##.#
...##.##...##⌠##..#
.#..##.###.<###...#
.....##..#####..#
#..........K...#####
.............J.!@..#
...................#
#..........#[......#
##........##.......#
##......#####.....#
##......# #.....#
#.####.# #.....# ..
.# ......# #.# ..


You could see an endoplasm and a kobold.

Vanquished Creatures
  A rat (D:1)
1 creature vanquished.

Vanquished Creatures (others)
  6 foxfires (D:1)
6 creatures vanquished.

Grand Total: 7 creatures vanquished

Notes
Turn   | Place    | Note
-------+----------+-------------------------------------------
     0 | D:1      | Descartes the Felid Wanderer began the quest for the Orb.
     0 | D:1      | Descartes set off with the following items: a scroll of
                  | fear, a potion of lignification; and the following spell
                  | memorised: Foxfire; and the following spells available to
                  | memorise: Ignite Poison
     0 | D:1      | Reached XP level 1. HP: 9/9 MP: 2/2
   107 | D:1      | Hit by a stone thrown by a kobold

Illustrated notes

Levels and vault maps discovered:
D:1:      nagdon_arrival_double_spiral, layout_rooms,
          hellmonk_ecumenical_altar_zigzags

Action                   || total
-------------------------++-------
Melee: Unarmed           ||     3
 Cast: Foxfire           ||     4
Dodge: Dodged            ||     7
